Map: Dusk Towers

Players

LilDicky

  • Race: Terran Terran
  • League: Diamond

Zergling - Winner!

  • Race: Terran Terran
  • League: Diamond

VOD

http://www.twitch.tv/tumescentpie

Description

Time

  • Played on: Jan. 1, 2016, 9:22 p.m.
  • Length: 6:02
Show
View Real Time Build Order
Export as new Build Order

LilDicky Terran 

Build Orders: Liberator Opening 

Get SALT Encoding   

  12  0:02  SCV  
  13  0:14  SCV  
  13  0:18  Supply Depot  
  14  0:26  SCV  
  15  0:40  SCV  
  16  0:44  Refinery  
  16  0:45  Barracks  
  16  0:52  SCV  
  17  1:04  SCV  
  18  1:16  SCV  
  19  1:30  SCV  
  20  1:33  Supply Depot  
  20  1:34  Marine  
  21  1:42  Orbital Command  
  21  1:47  Factory  
  21  1:51  Marine  
  22  2:02  Refinery  
  22  2:09  Marine  
  22  2:14  SCV  
  24  2:31  SCV  
  24  2:32  Marine  
  24  2:33  Command Center  
  24  2:34  Factory Tech Lab  
  26  2:40  Starport  
  26  2:44  SCV  
  27  2:52  Marine  
  27  2:56  SCV  
  29  3:05  Liberator  
  29  3:11  SCV  
  29  3:12  Supply Depot  
  30  3:17  Siege Tank  
  36  3:27  SCV  
  36  3:29  Marine  
  38  3:38  Supply Depot  
  38  3:44  Orbital Command  
  38  3:48  SCV, Marine  
  39  3:53  Siege Tank  
  43  4:00  SCV  
  44  4:06  Marine  
  44  4:08  Viking  
  47  4:17  SCV x2  
  44  4:24  Refinery, Marine  
  40  4:33  SCV  
  41  4:44  SCV, Siege Tank  
  45  4:45  SCV  
  45  4:50  Factory  
  45  4:56  SCV  
  46  5:21  SCV  
  45  5:30  SCV  
  45  5:33  Command Center, SCV  
  47  5:36  Refinery  
  47  5:38  Factory Tech Lab  
  47  5:41  Starport  
  47  5:42  SCV  
  51  5:45  SCV  
Show
View Real Time Build Order
Export as new Build Order

Zergling Terran - Winner!

Build Orders: 1/1/1, Liberator Opening 

Get SALT Encoding   

  12  0:01  SCV  
  13  0:13  SCV  
  14  0:17  Supply Depot  
  14  0:25  SCV  
  15  0:37  Refinery  
  15  0:39  SCV  
  16  0:44  Barracks  
  16  0:52  SCV  
  17  0:57  Refinery  
  17  1:04  SCV  
  18  1:16  SCV  
  19  1:31  Orbital Command  
  19  1:32  Factory  
  19  1:35  Marine  
  20  1:43  Supply Depot  
  20  1:53  Marine  
  21  1:57  SCV  
  22  2:09  SCV  
  22  2:11  Marine  
  24  2:16  Factory Tech Lab  
  24  2:19  Starport  
  24  2:21  SCV  
  25  2:28  Marine  
  26  2:33  SCV  
  26  2:35  Siege Tank  
  30  2:46  SCV  
  30  2:50  Supply Depot  
  31  2:54  Engineering Bay  
  31  3:00  Liberator  
  31  3:06  Supply Depot  
  31  3:11  SCV, Marine  
  31  3:12  Siege Tank  
  39  3:30  Marine  
  39  3:34  SCV  
  41  3:38  Missile Turret  
  41  3:41  Missile Turret  
  41  3:44  Siege Tank  
  41  3:47  SCV  
  41  3:48  Marine  
  45  3:53  Supply Depot  
  46  3:59  SCV  
  46  4:11  Marine  
  46  4:14  Viking  
  41  4:40  Marine  
  41  4:41  Siege Tank  
  41  4:44  Viking  
  47  4:58  Marine  
  47  4:59  SCV  
  49  5:02  Supply Depot  
  49  5:11  SCV  
  49  5:13  Siege Tank  
  53  5:14  Viking  
  53  5:16  Marine  
  53  5:29  Supply Depot, SCV  
  53  5:33  Marine  
  55  5:36  Supply Depot  
Tags
 
Add a new tag
Caveats
  • Supply blocks, unpowered buildings, or Contaminate may cause inaccurate times.
  • Supply counts are checked every 10 seconds.